cohdb
Replays
Latest Replays
All Replays
Popular Replays
Top Player Replays
Match Explorer
How It Works
Community
CoH3 Stats
Reddit
Sign in to upload your games and track your stats! →
Sign in with Steam
Match 40060739
Unlisted
Match 40060739
Overview
Messages
Build Orders
End
Construct Section Command Post
Selects Indian Artillery Battlegroup
Infantry Section
Infantry Section
Infantry Section
Vickers Machine Gun Team
Construct Field Infirmary
Selects Artillery Saturation
Construct Platoon Command Post
Infantry Training
Selects War Cry
Selects Gurkha Rifles Section
6-pounder Anti-tank Gun Team
Grenade Package
Gurkha Rifles Section
Construct Company Command Post
Selects Volunteer Infantry
Crusader II Medium Tank
6-pounder Anti-tank Gun Team
Crusader II Medium Tank
Royal Engineer Section
Armored Vehicle Training
Selects Off-map Airburst Barrage
Selects Perimeter Monitor
Matilda II Heavy Tank
Unlock M3 Grant Medium Tanks
M3 Grant Medium Tank
M3 Grant Medium Tank
Infantry Section
BigTiddyLebron
Von Seltei
0
0
Comments
sign in to comment!
No comments posted yet!